 Dungeon Crawl Stone Soup version 0.31.0-11-ge490571c62 (webtiles) character file.

Game seed: 15051992785293131699

91 inmateoo the Shooter (level 4, 0/37 HPs)
             Began as a Draconian Hunter on Jan 26, 2024.
             Slain by Sigmund
             ... wielding a +0 scythe
              (5 damage)
             ... on level 2 of the Dungeon.
             The game lasted 00:03:14 (1570 turns).

inmateoo the Shooter (Draconian Hunter)             Turns: 1570, Time: 00:03:14

Health: 0/37       AC:  6    Str: 13    XL:     4   Next: 34%
Magic:  5/5        EV: 12    Int: 10    God:
Gold:   119        SH:  0    Dex: 16    Spells: 5/5 levels left

rFire   . . .        a - +0 shortbow
rCold   . . .        (shield currently unavailable)
rNeg    . . .        (body armour unavailable)
rPois   .            (helmet restricted)
rElec   .            (no cloak)
rCorr   .            (no gloves)
SInv    .            d - +0 pair of boots
Will    .....        (no amulet)
Stlth   +            (no ring)
HPRegen 0.26/turn    (no ring)
MPRegen 0.09/turn

%: no passive effects
@: confused
A: AC +5, unfitting armour, cold-blooded
a: no special abilities


You were on level 2 of the Dungeon.
You visited 1 branch of the dungeon, and saw 2 of its levels.

You collected 119 gold pieces.

Inventory:

Hand Weapons
 a - a +0 shortbow (weapon)
Armour
 d - a +0 pair of boots (worn)
Scrolls
 b - a scroll of butterflies
 c - 3 scrolls of revelation {unknown}
 e - 2 scrolls of identify {unknown}
 f - 2 scrolls of teleportation {unknown}
 g - a scroll of noise {unknown}
 h - a scroll of poison {unknown}
Potions
 i - a potion of curing {unknown}


   Skills:
 + Level 2.8 Fighting
 * Level 4.1 Ranged Weapons
 + Level 2.2 Dodging
 + Level 1.5 Stealth
 + Level 1.2 Unarmed Combat
 + Level 1.1 Spellcasting


You had 5 spell levels left.
You didn't know any spells.
Your spell library contained the following spells:

 Spells                   Type           Power      Damage    Failure   Level
 Lesser Beckoning         Tloc           0%         N/A       45%         2
 Gell's Gravitas          Tloc           0%         N/A       71%         3
 Teleport Other           Tloc           0%         N/A       71%         3


Dungeon Overview and Level Annotations

Branches:
Dungeon (2/15)

Altars:

Annotations:
D:2 Sigmund


Innate Abilities, Weirdness & Mutations

Your plain brown scales are hard. (AC +5)
You cannot fit into any form of body armour.
You are cold-blooded and may be slowed by cold attacks.


Message History

You shoot an arrow. The arrow hits Sigmund.
Sigmund is lightly wounded.
You shoot an arrow. The arrow hits Sigmund.
Sigmund is lightly wounded.
Sigmund hits you from afar with a +0 scythe.
Sigmund hits you but does no damage. Sigmund hits you but does no damage.
There is a stone staircase leading up here.
You shoot an arrow. The arrow closely misses Sigmund.
You shoot an arrow. The arrow hits Sigmund!
Sigmund is heavily wounded.
Sigmund hits you from afar with a +0 scythe.
You shoot an arrow. The arrow closely misses Sigmund.
Sigmund closely misses you.
You shoot an arrow. The arrow hits Sigmund.
Sigmund is severely wounded.
Sigmund hits you but does no damage.
You shoot an arrow. The arrow barely misses Sigmund.
Sigmund casts a spell at you.
You are confused.
You are too confused!
Sigmund screams, "You will never...
NEVER!!!"
Sigmund gestures at you while chanting. The puff of flame hits you!
Sigmund hits you with a +0 scythe.
There is a stone staircase leading up, spattered with blood here.
You feel less confused. Sigmund gestures at you while chanting.
You are confused.
There is a stone staircase leading up, spattered with blood here.
You clumsily bash Sigmund but do no damage.
Sigmund is severely wounded.
Sigmund hits you with a +0 scythe!
Sigmund gestures wildly while chanting.
Sigmund flickers and vanishes!
Deactivating autopickup; reactivate with Ctrl-A.
Something hits you!
* * * LOW HITPOINT WARNING * * *
Something hits you.
You die...

#.#.# #.#.# #############
#.#.# #....##.....# #####
#.#.###.##.##.###.# #...#
#.......##.##.###.### #...#
#.......##.##.#.....######...#
##.......#.#.>......##.......#
#.........)..{...#.##.......#
#.....#.#.#.@.......'........
##...##.#.#........##....#'##
#...##..................#.##
#...##...#.......#.##...#...
#...##..................#.##
##.###..###..)......#.#.....
#...........#..............
########......#.######.####..
#.....##......#........# #...


There were no monsters in sight!

Vanquished Creatures
  A gnoll (D:1)
  4 adders (D:2)
  2 dart slugs
  A ribbon worm (D:1)
  An orc (D:2)
  3 bats
  An endoplasm (D:2)
  A giant cockroach (D:2)
  3 hobgoblins
  2 jackals (D:1)
  2 quokkas
  2 ball pythons (D:1)
  3 frilled lizards (D:1)
  5 goblins
  4 kobolds
  5 rats
40 creatures vanquished.

Notes
Turn   | Place    | Note
-------+----------+-------------------------------------------
     0 | D:1      | inmateoo the Draconian Hunter began the quest for the Orb.
     0 | D:1      | Reached XP level 1. HP: 17/17 MP: 1/1
     6 | D:1      | Noticed a lindwurm
     6 | D:1      | Noticed a black bear
     6 | D:1      | Noticed an anaconda
     7 | D:1      | Noticed a wolf
     7 | D:1      | Noticed an iguana
    42 | D:1      | Reached skill level 1 in Stealth
    42 | D:1      | Reached XP level 2. HP: 11/25 MP: 2/2
   526 | D:2      | Noticed Sigmund
   533 | D:1      | Reached XP level 3. HP: 28/30 MP: 3/3
   664 | D:2      | Reached skill level 4 in Ranged Weapons
   664 | D:2      | Reached skill level 1 in Unarmed Combat
   674 | D:2      | Reached skill level 1 in Spellcasting
  1027 | D:2      | Reached XP level 4. HP: 37/37 MP: 5/5
  1570 | D:2      | Slain by Sigmund

Illustrated notes

Levels and vault maps discovered:
D:1:      onia_arrival_zoo_common, layout_rooms
D:2:      layout_basic, uniq_sigmund

Skill      XL: |  1  2  3 |
---------------+----------+-----
Stealth        | 1 |  1.5
Dodging        | 2 |  2.2
Ranged Weapons | 4 |  4.1
Unarmed Combat | 1 |  1.2
Spellcasting   | 1 |  1.1
Fighting       | |  2.8

Action                     |  1- 3 |  4- 6 || total
---------------------------+-------+-------++-------
  Melee: Unarmed           |     9 |       ||     9
         Tailslap          |     2 |       ||     2
         Punch             |     1 |       ||     1
         Shortbow          |       |     3 ||     3
   Fire: Shortbow          |   131 |    39 ||   170
 Armour: Skin              |    24 |    31 ||    55
  Dodge: Dodged            |    54 |    29 ||    83
